Map: [ESL] Tropical Sacrifice

Players

piglet

  • Race: Terran Terran
  • Spawn Location: 7:00

Scarlett - Winner!

  • Race: Zerg Zerg
  • Spawn Location: 1:00

Event: DreamHack SC2 Masters 2022 Valencia

VOD

Have the link to the VOD?

Description

Time

  • Played on: July 1, 2022, 11:05 a.m.
  • Length: 12:31

All games in this series

Show
View Real Time Build Order
Export as new Build Order

piglet Terran 

Build Orders: Gas First Reaper Expand, Mech 

Get SALT Encoding   

  12  0:00  SCV  
  13  0:12  SCV  
  14  0:17  Supply Depot  
  14  0:24  SCV  
  15  0:29  Refinery  
  15  0:39  SCV  
  16  0:45  Barracks  
  16  0:51  SCV  
  17  1:03  SCV  
  18  1:19  SCV  
  19  1:33  Orbital Command, Reaper  
  20  1:45  Command Center  
  20  1:56  Factory  
  20  2:00  SCV  
  21  2:06  Barracks Reactor  
  21  2:08  Refinery  
  21  2:12  SCV  
  22  2:20  Supply Depot  
  22  2:24  SCV  
  23  2:41  SCV  
  24  2:44  Starport  
  24  2:48  Hellion  
  26  2:52  Hellion  
  26  2:53  SCV  
  29  3:02  Orbital Command  
  29  3:05  SCV  
  29  3:11  Hellion  
  32  3:18  SCV  
  33  3:28  Viking, SCV  
  33  3:30  SCV  
  37  3:34  Fusion Core  
  37  3:41  SCV  
  38  3:45  SCV  
  38  3:47  Hellion, Supply Depot  
  41  3:48  Barracks Tech Lab  
  41  3:53  SCV  
  42  3:57  SCV  
  42  4:01  Hellion  
  45  4:05  SCV  
  45  4:08  Supply Depot  
  45  4:09  SCV  
  47  4:17  SCV  
  47  4:21  Battlecruiser  
  54  4:30  SCV x2  
  56  4:31  Supply Depot  
  56  4:42  SCV x2  
  58  4:49  Command Center  
  58  4:50  Refinery  
  58  4:51  Refinery  
  58  4:54  SCV, Supply Depot  
  58  4:56  SCV  
  60  5:05  Supply Depot  
  60  5:06  SCV  
  61  5:08  SCV  
  62  5:18  SCV  
  62  5:20  SCV  
  64  5:25  Battlecruiser  
  70  5:30  SCV  
  70  5:31  Barracks Tech Lab  
  70  5:32  Hellion x2, SCV  
  70  5:33  Factory  
  76  5:42  SCV  
  77  5:44  SCV  
  78  5:53  Factory  
  78  5:54  Hellion x2, SCV  
  78  5:57  SCV  
  84  6:00  Barracks Tech Lab  
  84  6:02  Orbital Command  
  84  6:06  SCV  
  84  6:10  Supply Depot  
  84  6:11  Supply Depot  
  85  6:14  SCV  
  85  6:15  Refinery  
  86  6:19  Orbital Command, Refinery  
  86  6:23  SCV  
  87  6:26  SCV  
  87  6:30  Siege Tank  
  87  6:32  Battlecruiser  
  97  6:38  SCV x2  
  101  6:40  Hellion  
  101  6:44  SCV  
  102  6:50  SCV, Siege Tank  
  102  6:53  SCV  
  107  6:55  Command Center  
  107  6:57  SCV, Supply Depot  
  107  6:59  Infernal Pre-Igniter  
  108  7:02  Siege Tank  
  108  7:05  Hellion  
  108  7:07  Factory, SCV  
  115  7:08  SCV  
  115  7:11  SCV  
  116  7:20  Barracks Reactor  
  116  7:21  Factory, SCV x2  
  118  7:24  Supply Depot  
  118  7:26  Hellion, Siege Tank  
  123  7:31  SCV  
  124  7:42  SCV  
  125  7:46  Hellion, SCV, Siege Tank, Supply Depot  
  125  7:47  Supply Depot  
  125  7:48  Hellion, Engineering Bay, Armory  
  133  7:54  Starport Reactor  
  133  8:03  Supply Depot  
  133  8:07  Siege Tank  
  133  8:10  Supply Depot x3  
  139  8:16  SCV x2  
  139  8:17  Hellion  
  139  8:19  Refinery  
  137  8:24  Refinery  
  137  8:28  Siege Tank  
  137  8:29  Siege Tank  
  137  8:30  Hellion  
  137  8:31  Planetary Fortress  
  137  8:34  SCV  
  143  8:35  Viking  
  143  8:38  Terran Vehicle Weapons Level 1  
  143  8:39  Siege Tank  
  148  8:41  Supply Depot  
  148  8:47  Hellion  
  150  8:53  Hellion  
  150  9:00  Armory, Siege Tank  
  145  9:07  SCV x2  
  147  9:11  SCV x2  
  147  9:16  Siege Tank  
  152  9:18  Thor  
  152  9:19  SCV  
  152  9:20  Command Center  
  152  9:23  Sensor Tower  
  159  9:25  Missile Turret  
  159  9:28  Missile Turret  
  159  9:34  Factory  
  159  9:35  Factory  
  159  9:37  Factory, SCV x2  
  159  9:38  Hellion x2  
  165  9:41  Siege Tank  
  166  9:47  Hellion  
  166  9:48  Siege Tank  
  145  10:00  Viking x2  
  145  10:01  Missile Turret  
  145  10:04  Hellion  
  151  10:09  Cyclone  
  152  10:16  Hellion, Siege Tank  
  149  10:24  SCV  
  149  10:25  Factory Tech Lab x3  
  149  10:27  Terran Vehicle And Ship Armor Level 1, Siege Tank  
  149  10:28  Hellion  
  154  10:30  Viking  
  151  10:38  Hellion  
  151  10:39  SCV  
  151  10:40  Hellion  
  151  10:41  Siege Tank  
  146  10:48  Siege Tank  
  147  10:50  SCV  
  147  10:53  Hellion, Siege Tank  
  153  10:59  Command Center  
  151  11:05  Hellion, Siege Tank  
  128  11:13  Hellion, Siege Tank  
  121  11:21  Hellion  
  121  11:23  Hellion  
  124  11:27  Siege Tank  
  124  11:28  Hellion  
  124  11:30  Hellion  
  121  11:33  Orbital Command  
  121  11:36  Cyclone  
  115  11:42  Cyclone  
  118  11:52  Hellion  
  120  11:57  Cyclone  
  120  11:58  Hellion x2  
  127  12:07  Hellion  
Show
View Real Time Build Order
Export as new Build Order

Scarlett Zerg - Winner!

Build Orders: Hatch First 

Get SALT Encoding   

  12  0:00  Drone  
  13  0:13  Overlord  
  13  0:17  Drone  
  14  0:31  Drone x2  
  16  0:48  Hatchery  
  15  0:52  Drone  
  15  0:56  Drone  
  17  0:59  Drone  
  18  1:10  Extractor  
  17  1:14  Spawning Pool  
  17  1:18  Drone  
  17  1:22  Drone  
  18  1:29  Drone  
  19  1:39  Drone  
  20  1:50  Drone  
  21  2:01  Queen x2  
  25  2:02  Zergling x2  
  25  2:06  Zergling x2  
  27  2:14  Drone  
  27  2:15  Overlord  
  28  2:23  Hatchery  
  28  2:28  Metabolic Boost  
  27  2:32  Drone  
  27  2:35  Drone  
  29  2:40  Spore Crawler  
  29  2:45  Drone x3  
  29  2:46  Drone  
  33  2:54  Overlord  
  33  2:56  Drone  
  34  3:10  Drone  
  34  3:11  Drone  
  36  3:13  Queen  
  36  3:14  Drone x2  
  36  3:15  Drone  
  36  3:16  Overlord  
  41  3:23  Queen  
  43  3:27  Drone  
  44  3:36  Overlord  
  44  3:37  Queen, Drone x2  
  44  3:39  Zergling x2  
  49  3:47  Zergling x2  
  49  3:49  Queen, Drone x2  
  53  3:57  Overlord  
  53  3:58  Queen  
  53  4:02  Drone x2  
  57  4:13  Drone x3  
  57  4:16  Queen  
  62  4:21  Drone  
  62  4:22  Drone x2  
  65  4:33  Overlord  
  65  4:40  Drone, Lair  
  65  4:44  Overlord, Extractor  
  65  4:45  Baneling Nest  
  65  4:47  Overlord  
  65  4:49  Hatchery  
  65  4:50  Queen, Overlord x2  
  65  4:52  Drone  
  66  4:59  Overlord x2  
  66  5:02  Spore Crawler  
  66  5:04  Spore Crawler, Drone x3  
  66  5:05  Spore Crawler  
  66  5:10  Drone x4  
  70  5:20  Drone x5  
  70  5:21  Drone x2  
  77  5:29  Drone x4  
  81  5:36  Drone x5  
  81  5:39  Extractor  
  84  5:43  Extractor  
  84  5:44  Drone, Extractor  
  84  5:45  Extractor, Drone x2  
  84  5:46  Spire  
  78  5:52  Drone  
  78  5:56  Drone x2  
  80  6:01  Drone x4  
  83  6:04  Overseer  
  83  6:08  Drone x3  
  86  6:14  Drone x4  
  90  6:19  Drone x2  
  90  6:22  Evolution Chamber  
  90  6:23  Evolution Chamber  
  90  6:24  Centrifugal Hooks  
  89  6:26  Drone x3  
  89  6:28  Roach Warren  
  89  6:31  Zergling x2  
  89  6:32  Zergling x4  
  93  6:35  Drone x3  
  93  6:37  Baneling x4  
  93  6:38  Drone  
  96  6:51  Drone x8  
  101  6:56  Zerg Missile Weapons Level 1, Zerg Melee Weapons Level 1  
  101  7:02  Corruptor x3  
  101  7:04  Zerg Flyer Weapons Level 1  
  107  7:09  Drone x4  
  110  7:17  Roach x5  
  110  7:18  Glial Reconstitution  
  119  7:22  Overlord  
  119  7:23  Overlord  
  119  7:24  Extractor  
  119  7:26  Extractor  
  119  7:27  Overlord x2  
  119  7:29  Overlord  
  117  7:39  Overlord x2  
  117  7:40  Drone x2  
  117  7:41  Drone x7  
  126  7:44  Drone x2  
  126  7:45  Drone x4  
  132  7:52  Corruptor x2  
  132  7:57  Hatchery  
  135  8:00  Drone  
  135  8:01  Infestation Pit  
  135  8:12  Roach x5, Zergling x16  
  153  8:24  Overlord x3  
  153  8:27  Drone x8  
  153  8:28  Drone x2  
  153  8:33  Spine Crawler  
  162  8:35  Spine Crawler  
  161  8:42  Overlord x4  
  161  8:45  Baneling x7  
  161  8:49  Hive  
  161  8:53  Zerg Melee Weapons Level 2  
  161  9:00  Corruptor x3  
  161  9:02  Hatchery  
  163  9:03  Zerg Flyer Weapons Level 2  
  163  9:12  Spore Crawler  
  163  9:16  Corruptor x2  
  166  9:20  Zerg Missile Weapons Level 2  
  166  9:22  Ravager x10  
  178  9:24  Roach, Zergling x18  
  187  9:34  Pneumatized Carapace, Overlord  
  187  9:40  Zergling x2  
  187  9:41  Zergling x24  
  200  9:48  Baneling x9  
  200  9:49  Baneling x5  
  192  10:01  Zergling x14  
  192  10:04  Adrenal Glands  
  182  10:23  Zergling x30  
  182  10:24  Zergling x18  
  199  10:30  Zergling x2  
  192  10:37  Zergling x2  
  192  10:38  Zergling x20  
  192  10:39  Zergling x2  
  195  10:47  Roach x3  
  195  10:48  Roach  
  200  10:55  Baneling  
  200  10:56  Baneling x13  
  200  11:03  Zergling x18  
  199  11:07  Zergling x14  
  184  11:13  Zergling x24  
  184  11:18  Roach x5  
  171  11:34  Roach x7, Zergling x2  
  171  11:35  Zergling x10  
  181  11:42  Roach, Zergling x2  
  181  11:43  Roach x2, Zergling x8  
  192  11:49  Zergling x16  
  192  11:51  Ravager  
  192  11:52  Baneling x6  
  192  11:53  Baneling x6  
  191  12:23  Extractor, Hatchery  
  191  12:26  Extractor  

Tags
 
Add a new tag
Caveats
  • Supply blocks, unpowered buildings, or Contaminate may cause inaccurate times.
  • Supply counts are checked every 10 seconds.